 Dungeon Crawl Stone Soup version 0.28-a0-537-g3bccd9ccbf (webtiles) character file.

Game seed: 6088522110939852541

14989 robertstho the Thaumaturge (level 12, -1/82 HPs)
             Began as a Djinni Fire Elementalist on Sept 27, 2021.
             Was an Initiate of Gozag.
             Shot with an arrow by a centaur warrior (25 damage)
             ... on level 11 of the Dungeon.
             The game lasted 00:22:18 (17974 turns).

robertstho the Thaumaturge (DjFE)                  Turns: 17974, Time: 00:22:20

Health: -1/82      AC:  5    Str:  7    XL:     12   Next: 52%
Gold:   1601       EV: 12    Int: 22    God:    Gozag SH:  5 Dex: 14

rFire   + + +      SeeInvis .   i - +0 dagger (vamp)
rCold   x . .      Faith    .   (no shield)
rNeg    . . .      Spirit   .   a - +0 robe
rPois   ∞          Reflect  +   h - +1 helmet
rElec   .          Harm     .   f - +0 cloak
rCorr   +          Rampage  .   (no gloves)
Will    +....                   (boots unavailable)
Stlth   ++........              q - amulet of reflection
HPRegen 0.23/turn               H - ring of resist corrosion
MPRegen 0.00/turn               k - ring of protection from fire

@: gold aura, flying
A: sickness immunity, fire resistance 2, cold vulnerability 1, float, innate
caster, hp casting, extra vitality 1
a: Renounce Religion, Potion Petition, Call Merchant, Bribe Branch


You were on level 11 of the Dungeon.
You worshipped Gozag.
Gozag was most pleased with you.
You visited 2 branches of the dungeon, and saw 12 of its levels.

You collected 2373 gold pieces.
You spent 344 gold pieces at shops.
You paid 428 gold pieces to Gozag.

Inventory:

Hand Weapons
 i - a +0 vampiric dagger (weapon)
Armour
 a - a +0 robe (worn)
 f - a +0 cloak (worn)
 h - a +1 helmet (worn)
Jewellery
 b - a ring of fire
 d - a ring of willpower
 e - a +4 ring of slaying
 k - a ring of protection from fire (right hand)
 q - an amulet of reflection (around neck)
 G - a +6 ring of strength
 H - a ring of resist corrosion (left hand)
Wands
 z - a wand of acid (9)
 J - a wand of polymorph (6)
Scrolls
 c - 3 scrolls of fear {unknown}
 g - 2 scrolls of torment
 j - 6 scrolls of teleportation
 r - a scroll of acquirement {unknown}
 s - 2 scrolls of enchant weapon
 t - 2 scrolls of magic mapping {unknown}
 y - 2 scrolls of enchant armour
 A - 2 scrolls of holy word
 D - a scroll of immolation
 F - a scroll of vulnerability
Potions
 l - 3 potions of heal wounds {unknown}
 n - 6 potions of degeneration {unknown}
 p - a potion of mutation {unknown}
 u - 3 potions of lignification {unknown}
 w - 2 potions of invisibility {unknown}
 x - 2 potions of resistance
 B - a potion of haste
 C - 6 potions of ambrosia
 E - a potion of cancellation
 I - a potion of magic {unknown}


   Skills:
 * Level 5.9 Fighting
 + Level 0.1 Short Blades
 + Level 2.5 Dodging
 + Level 3.3 Stealth
 + Level 0.5 Shields
 * Level 14.2 Spellcasting


You had 12 spell levels left.
You knew the following spells:

 Your Spells              Type           Power      Damage    Failure   Level
a - Foxfire               Conj/Fire      100%       2x1d9     0%          1
b - Scorch                Fire           100%       2d10      1%          2
c - Conjure Flame         Conj/Fire      67%        6-21      1%          3
d - Inner Flame           Hex/Fire       67%        N/A       1%          3
e - Flame Wave            Conj/Fire      67%        3d12      1%          4
f - Animate Skeleton      Necr           100%       N/A       0%          1
g - Poisonous Vapours     Pois/Air       100%       N/A       1%          2
h - Mephitic Cloud        Conj/Pois/Air  67%        N/A       1%          3
i - Airstrike             Air            33%        N/A       1%          4
j - Ice Form              Ice/Tmut       67%        N/A       1%          4
Your spell library was empty.

Dungeon Overview and Level Annotations

Branches:
Dungeon (11/15)            Temple (1/1) D:4            Lair (0/6) D:8
    Orc (0/2) D:9

Altars:
Ashenzari
Cheibriados
Dithmenos
Elyvilon
Fedhas
Gozag
Hepliaklqana
Kikubaaqudgha
Makhleb
Nemelex Xobeh
Okawaru
Qazlal
Ru
Sif Muna
Trog
Uskayaw
Vehumet
Wu Jian
Xom
Yredelemnul
Zin
The Shining One

Shops:
D:7 =   D:9 ?

Annotations:
D:10 Erolcha


Innate Abilities, Weirdness & Mutations

You are immune to sickness and miasma.
You are immune to poison.
Your flesh is very heat resistant. (rF++)
You are vulnerable to cold. (rC-)
You float through the air rather than walking.
You learn spells naturally, not from books.
Your magical power is your life essence.
You have superior vitality. (+4 HP)


Message History

The flame wave engulfs the centaur warrior zombie!!
You destroy the centaur warrior zombie!
The flame wave engulfs the troll!!
The troll is severely wounded.
You finish channelling waves of flame.
An orc wizard comes into view. It is wielding a +0 dagger.
Unknown command.
Casting: Flame Wave (safe; 1% risk of failure)
Confirm with . or Enter, or press ? or * to list all spells.
Casting: Flame Wave (safe; 1% risk of failure)
Press: ? - help, Dir - look around, f - activate A wave of flame ripples out!
The flame wave engulfs the troll!!
You kill the troll! (Press . to intensify the flame waves.) Unknown command.
A wave of flame ripples out!
A centaur warrior comes into view.
A shadow comes into view.
A wave of flame ripples out!
The flame wave engulfs the orc wizard!
The orc wizard is heavily wounded.
The flame wave engulfs the centaur warrior!!
The centaur warrior is moderately wounded.
You finish channelling waves of flame.
Unknown command.
Casting: Flame Wave (safe; 1% risk of failure)
Confirm with . or Enter, or press ? or * to list all spells.
Casting: Flame Wave (safe; 1% risk of failure)
Press: ? - help, Dir - look around, f - activate A wave of flame ripples out!
The flame wave engulfs the orc wizard!!
You kill the orc wizard! (Press . to intensify the flame waves.)
The centaur warrior wields a +2 longbow of freezing.
It is covered in frost.
The centaur warrior shoots an arrow.
The arrow hits you!! The arrow freezes you!
* * * LOW HITPOINT WARNING * * *
The shadow slips into darkness.
The shadow flickers and vanishes!
Deactivating autopickup; reactivate with Ctrl-A.
The centaur warrior shoots an arrow.
The arrow hits you!!
You die...
Your body crumbles into a pile of gold.

#.......#### ## #.......####$.$ $
$## #.......## #.# #######
#.......## #.# $#######
#.......## .{. ######.
#.).....##$ #.# ###....
#.......#####c## $###....
#.......####.$.# $ #####....
#........####@###########.....
#.........###'##########......
#.............................
#.............................
####...........).................
...........#########[............
....######.#....<..#..#####......
....#....#.#.......'..'...#....##
....#....#.#.......#..#...#....#.


You could see a centaur warrior.

Vanquished Creatures
  A two-headed ogre (D:11)
  An ugly thing (D:9)
  A manticore (D:11)
  A cyclops (D:6)
  A gargoyle (D:11)
  Psyche (D:10)
  An unseen horror (D:10)
  2 kobold demonologists
  A queen bee (D:10)
  2 trolls
  A hornet (D:8)
  Sigmund (D:2)
  A wraith (D:11)
  7 wyverns
  4 yaks
  2 shadows (D:9)
  2 wargs (D:8)
  Menkaure (D:4)
  3 acid dragons
  5 water moccasins
  A two-headed ogre zombie (D:9)
  2 ice beasts
  A hornet zombie (D:6)
  A sky beast (D:6)
  7 orc warriors
  6 ogres
  5 centaurs
  3 kobold brigands
  Blork the orc (D:6)
  5 bullfrogs
  A wyvern zombie (D:6)
  5 gnoll sergeants
  4 scorpions
  A troll zombie (D:9)
  22 killer bees
  9 howler monkeys (D:8)
  2 bullfrog zombies (D:6)
  4 centaur zombies
  3 jellies
  9 orc priests
  4 gnoll shamans
  8 hounds
  A centaur skeleton (D:4)
  Terence (D:3)
  4 iguanas
  10 orc wizards
  3 killer bee zombies
  6 ogre zombies (D:9)
  Robin (D:2)
  3 howler monkey zombies
  6 adders
  16 gnolls
  2 ufetubi
  3 dart slugs
  27 orcs
  4 bats
  5 endoplasms
  6 giant cockroaches
  6 hobgoblins
  4 quokkas
  8 ball pythons
  8 frilled lizards
  11 goblins
  3 goblin zombies (D:9)
  2 hobgoblin skeletons (D:9)
  2 hobgoblin zombies (D:9)
  8 kobolds
  3 orc skeletons (D:9)
  15 orc zombies (D:9)
  7 rats
318 creatures vanquished.

Vanquished Creatures (collateral kills)
  A boulder beetle (D:11)
  2 yaks (D:11)
  An acid dragon (D:11)
  A foxfire (D:8)
5 creatures vanquished.

Vanquished Creatures (others)
  606 foxfires
  2 fungi (D:8)
  17 plants (D:8)
625 creatures vanquished.

Grand Total: 948 creatures vanquished

Notes
Turn   | Place    | Note
-------+----------+-------------------------------------------
     0 | D:1      | robertstho the Djinni Fire Elementalist began the quest for
                  | the Orb.
     0 | D:1      | Reached XP level 1. HP: 15/15 MP: 0/0
   306 | D:1      | Reached XP level 2. HP: 19/21 MP: 0/0
   800 | D:1      | Reached skill level 3 in Spellcasting
  1014 | D:1      | Reached XP level 3. HP: 23/26 MP: 0/0
  1014 | D:1      | Learned a level 1 spell: Animate Skeleton
  1871 | D:2      | Noticed Robin
  1878 | D:2      | Killed Robin
  1879 | D:2      | Reached XP level 4. HP: 20/31 MP: 0/0
  2368 | D:2      | Reached skill level 1 in Fighting
  2438 | D:2      | Noticed Sigmund
  2451 | D:2      | Killed Sigmund
  2452 | D:2      | Reached skill level 4 in Spellcasting
  2452 | D:2      | Reached XP level 5. HP: 28/38 MP: 0/0
  2452 | D:2      | Learned a level 2 spell: Poisonous Vapours
  2452 | D:2      | Reached XP level 6. HP: 31/43 MP: 0/0
  2588 | D:2      | Found a faded altar of an unknown god.
  3651 | D:3      | Noticed Terence
  3655 | D:3      | Killed Terence
  4229 | D:4      | Noticed an ogre
  4266 | D:4      | Killed an ogre
  4267 | D:4      | Reached skill level 5 in Spellcasting
  4267 | D:4      | Reached XP level 7. HP: 38/49 MP: 0/0
  4267 | D:4      | Learned a level 3 spell: Mephitic Cloud
  4509 | D:4      | Noticed Menkaure
  4512 | D:4      | Killed Menkaure
  4851 | D:4      | Reached skill level 6 in Spellcasting
  4992 | D:4      | Reached XP level 8. HP: 49/55 MP: 0/0
  5217 | D:4      | Found a staircase to the Ecumenical Temple.
  5245 | Temple   | Entered the Ecumenical Temple
  5526 | Temple   | Became a worshipper of Gozag Ym Sagoz the Greedy
  5645 | D:5      | Entered Level 5 of the Dungeon
  6632 | D:6      | Reached skill level 7 in Spellcasting
  6885 | D:6      | Noticed Blork the orc
  6895 | D:6      | Killed Blork the orc
  6904 | D:6      | Reached XP level 9. HP: 24/59 MP: 0/0
  6904 | D:6      | Learned a level 4 spell: Airstrike
  7268 | D:6      | Reached skill level 8 in Spellcasting
  7837 | D:6      | Noticed a cyclops
  7849 | D:6      | Killed a cyclops
  7850 | D:6      | Reached skill level 9 in Spellcasting
  8772 | D:7      | Found Apsoireh's Jewellery Emporium.
  8791 | D:7      | Reached XP level 10. HP: 54/67 MP: 0/0
  9328 | D:7      | Identified the +1 robe "Put-Me-On" {rN+++ Regen+ rCorr
                  | Str-4 Slay-6}
  9361 | D:8      | Reached skill level 10 in Spellcasting
  9803 | D:8      | Found a staircase to the Lair.
  9832 | D:8      | Reached skill level 11 in Spellcasting
 10784 | D:8      | Reached XP level 11. HP: 33/74 MP: 0/0
 10784 | D:8      | Learned a level 4 spell: Ice Form
 11575 | D:8      | Reached skill level 5 in Fighting
 11633 | D:8      | Reached skill level 12 in Spellcasting
 13664 | D:9      | Noticed a red ugly thing
 13670 | D:9      | Killed a red ugly thing
 14861 | D:9      | Found a staircase to the Orcish Mines.
 15283 | D:9      | Found an ornate altar of the Wu Jian Council.
 15330 | D:9      | Bought a scroll of teleportation for 45 gold pieces
 15330 | D:9      | Bought a scroll of teleportation for 45 gold pieces
 15330 | D:9      | Bought a scroll of amnesia for 52 gold pieces
 15330 | D:9      | Bought a scroll of identify for 30 gold pieces
 15330 | D:9      | Bought a scroll of noise for 15 gold pieces
 15330 | D:9      | Bought a scroll of teleportation for 45 gold pieces
 15330 | D:9      | Bought a scroll of torment for 112 gold pieces
 15337 | D:10     | Entered Level 10 of the Dungeon
 15612 | D:10     | Reached skill level 13 in Spellcasting
 16028 | D:10     | Noticed Erolcha
 16180 | D:10     | Reached XP level 12. HP: 57/81 MP: 0/0
 16428 | D:10     | Noticed Psyche
 16432 | D:10     | Killed Psyche
 16741 | D:11     | Noticed a two-headed ogre
 16747 | D:11     | Killed a two-headed ogre
 17189 | D:11     | Noticed a boulder beetle
 17201 | D:11     | Killed a boulder beetle
 17513 | D:11     | Reached skill level 14 in Spellcasting
 17972 | D:11     | Noticed a centaur warrior
 17974 | D:11     | Shot with an arrow by a centaur warrior

Illustrated notes

Levels and vault maps discovered:
D:1:      amcnicky_arrival_choice, layout_loops_corners, chequers_avenue,
          minmay_tromino_i4
D:2:      layout_loops_cross, chequers_ecumenical_altar_twisty, uniq_robin,
          uniq_sigmund
D:3:      layout_loops_corners, uniq_terence
D:4:      layout_basic, minmay_temple_entry_overgrown, uniq_menkaure
D:5:      layout_basic, minmay_holes
D:6:      layout_gridville, serial_undead, serial_undead_f, serial_undead_b,
          serial_undead_a, serial_undead_c, uniq_blork_the_orc
D:7:      layout_basic, serial_shops, shop_fountains, grunt_tough_drop
D:8:      lemuel_castle_with_subvaults [lemuel_castle_interior_carwin_2],
          layout_basic, minmay_lair_entry_grove
D:9:      layout_irregular_city, nicolae_wu_jian_glorious_leap,
          zombieorc2_lemuel
D:10:     cheibrodos_iron_armory, layout_basic, special_room [special_room_bee],
          minivault_23, st_stairs_10, small_statue_intersection,
          kennysheep_generic_room_12, uniq_erolcha, uniq_psyche
D:11:     hangedman_cross_veins, layout_irregular_city
Temple:   roderic_octagonal_lattice_temple

Skill      XL: |  1  2  3  4  5  6  7  8  9 10 11 12 |
---------------+-------------------------------------+-----
Spellcasting   | 3 4 5 6 7 9 11 13 14 | 14.2
Stealth        | 2 3 |  3.3
Fighting       | 1 2 3 4 5 |  5.9
Short Blades   | |  0.1
Dodging        | |  2.5
Shields        | |  0.5

Action                   |  1- 3 |  4- 6 |  7- 9 | 10-12 || total
-------------------------+-------+-------+-------+-------++-------
Melee: Unarmed           |     1 |       |       |       ||     1
       Dagger            |       |     7 |     7 |       ||    14
 Cast: Foxfire           |    86 |    29 |   112 |   131 ||   358
       Scorch            |       |    30 |    54 |    10 ||    94
       Conjure Flame     |       |     1 |       |       ||     1
       Mephitic Cloud    |       |       |     5 |    19 ||    24
       Flame Wave        |       |       |     5 |    21 ||    26
       Airstrike         |       |       |    21 |   230 ||   251
Invok: Call Merchant     |       |       |       |     1 ||     1
  Use: Potion            |       |     1 |       |     2 ||     3
       Scroll            |       |       |       |    10 ||    10
Armor: Robe              |     1 |     6 |     8 |    10 ||    25
Dodge: Dodged            |     9 |    14 |    21 |    14 ||    58
Block: Other             |       |       |     8 |    10 ||    18
       Reflection        |       |       |       |     2 ||     2

Table legend: (Time is in decaauts)
 A = Elapsed time spent in this place.
 B = Non-inter-level travel time spent in this place.
 C = Inter-level travel time spent in this place.
 D = Time resting spent in this place.
 E = Time spent auto-exploring this place.
 F = Levels seen in this place.
 G = Mean time per level.
                   A        B        C        D        E       F      G
               +--------+--------+--------+--------+--------+-----+--------+
         Total |  17974 |  17523 |    451 |   2269 |  13466 |  12 | 1497.8 |
       Dungeon |  17669 |  17242 |    427 |   2269 |  13211 |  11 | 1606.3 |
        Temple |    305 |    281 |     24 |      0 |    255 |   1 |  305.0 |
               +--------+--------+--------+--------+--------+-----+--------+

Top non-repeatable levels by time:
     D:8: 3887 daAuts
     D:9: 1898 daAuts
     D:7: 1748 daAuts
     D:1: 1746 daAuts
     D:6: 1688 daAuts
    D:11: 1473 daAuts
     D:3: 1248 daAuts
     D:4: 1217 daAuts
     D:2: 1123 daAuts
    D:10: 834 daAuts
     D:5: 801 daAuts
  Temple: 305 daAuts
